 Dungeon Sprint DCSS version 0.25-a0-464-g3004169c2b (webtiles) character file.

Game seed: 10806181538477312388, levelgen mode: deterministic

3777 ICC the Fighter (level 10, -19/106 HPs)
             Began as a Naga Hunter on Feb 5, 2020.
             Was the Champion of Cheibriados.
             Demolished by a komodo dragon (23 damage)
             ... in the Dungeon (Sprint IX: "|||||||||||||||||||||||||||||").
             The game lasted 00:08:44 (405 turns).

ICC the Fighter (Naga Hunter)                        Turns: 405, Time: 00:08:44

Health: -19/106    AC: 11    Str: 32    XL:     10   Next: 16%
Magic:  10/10      EV: 21    Int: 26    God:    Cheibriados [******]
Gold:   14         SH:  0    Dex: 31    Spells: 9/9 levels left

rFire    . . .     SeeInvis +   o - +4 quarterstaff (drain)
rCold    . . .     Gourm    .   (shield currently unavailable)
rNeg     . . .     Faith    .   b - +0 troll leather armour
rPois    +         Spirit   .   (no helmet)
rElec    .         Reflect  .   a - +0 cloak
rCorr    .         Harm     .   p - +0 pair of gloves
MR       +....     NoTele   +   (no barding)
Stlth    +++.......             (no amulet)
HPRegen  0.67/turn              s - +3 ring of dexterity
MPRegen  0.12/turn              r - +2 ring of protection

@: very slow
A: large, see invisible, deformed body, poison resistance, slowness 2, slow
metabolism 1, spit poison 1, AC +3
a: Spit Poison, Bend Time, Temporal Distortion, Slouch, Step From Time, Renounce
Religion


You were in the Dungeon.
You worshipped Cheibriados.
Cheibriados was exalted by your worship.
You were not hungry.

You visited 1 branch You collected 14 gold pieces.

Inventory:

Hand Weapons
 o - a +4 quarterstaff of draining (weapon)
Armour
 a - a +0 cloak (worn)
 b - a +0 troll leather armour (worn)
 p - a +0 pair of gloves (worn)
 q - a +1 scale mail
Magical Staves
 n - an uncursed staff of energy
Jewellery
 r - a +2 ring of protection (right hand)
 s - a +3 ring of dexterity (left hand)
Wands
 m - a wand of acid (10)
Scrolls
 j - 5 scrolls of remove curse
 k - 2 scrolls of blinking
 l - 2 scrolls of amnesia
 u - a scroll of fog
 v - a scroll of identify
 w - a scroll of fear
Potions
 c - a potion of resistance
 e - 7 potions of curing
 g - 5 potions of heal wounds
 h - a potion of invisibility
 i - 4 potions of magic
 t - a potion of might
Comestibles
 f - a ration


   Skills:
 + Level 12.2 Fighting
 + Level 11.7 Throwing
 + Level 8.1 Armour
 + Level 10.5 Dodging
 - Level 1.5 Stealth


You had 9 spell levels left.
You didn't know any spells.
Your spell library was empty.

Dungeon Overview and Level Annotations

Branches:
Dungeon (1/1)

Altars:
Cheibriados
Dithmenos
Elyvilon
Fedhas
Gozag
Hepliaklqana
Kikubaaqudgha
Makhleb
Nemelex Xobeh
Okawaru
Qazlal
Ru
Sif Muna
Trog
Uskayaw
Vehumet
Wu Jian
Xom
Yredelemnul
Zin
The Shining One
Beogh
Jiyva
Lugonu


Innate Abilities, Weirdness & Mutations

You cannot wear boots.
Your serpentine skin is tough. (AC +3)
You have supernaturally acute eyesight. (SInv)
Armour fits poorly on your strangely shaped body.
Your system is resistant to poisons. (rPois)
You cover ground very slowly.
You have a slow metabolism.
You can spit poison.


Message History

You bludgeon the basilisk!!
You kill the basilisk!
Cheibriados appreciates the change of pace.
A yak comes into view.
The yak bellows!
You hit the komodo dragon but do no damage.
The komodo dragon closely misses you.
You hit the komodo dragon but do no damage.
You drain the komodo dragon.
The komodo dragon is lightly wounded.
The komodo dragon bites you but does no damage.
The komodo dragon completely misses you.
You hit the komodo dragon but do no damage.
The komodo dragon is lightly wounded.
The komodo dragon bites you!!
* * * LOW HITPOINT WARNING * * *
You completely miss the komodo dragon.
The komodo dragon is lightly wounded.
The komodo dragon bites you!!
You die...

▓_▓.▓.▓
▓_▓.▓.▓
▓_▓.▓.▓
▓_▓.▓.▓
▓_▓.▓.▓
▓_▓.▓.▓
▓_▓.▓.▓
▓_▓.▓.▓
▓_▓.▓@▓
▓_▓.▓l▓
▓_▓.▓r▓
▓_▓.▓Y▓
▓_▓.▓.▓
▓_▓.▓.▓
▓_▓.▓†▓
▓_▓.▓(▓
▓_▓.▓


You could see a komodo dragon, a yak and a porcupine.

Vanquished Creatures
  A hydra (D)
  3 spiny frogs (D)
  A komodo dragon (D)
  A troll (D)
  A blink frog (D)
  3 hippogriffs (D)
  A basilisk (D)
  A hungry ghost (D)
  2 porcupines (D)
  A sky beast (D)
  3 crocodiles (D)
  2 bullfrogs (D)
  2 killer bees (D)
  A howler monkey (D)
  2 adders (D)
  A shadow imp (D)
  2 leopard geckos (D)
  A bat skeleton (D)
  A bat zombie (D)
  A giant cockroach (D)
  A quokka (D)
  A frilled lizard (D)
  2 kobolds (D)
  2 rats (D)
37 creatures vanquished.

Notes
Turn   | Place    | Note
-------+----------+-------------------------------------------
     0 | D        | ICC the Naga Hunter began the quest for the Orb.
     0 | D        | Reached XP level 1. HP: 19/19 MP: 1/1
    19 | D        | Noticed a sky beast
    22 | D        | Reached XP level 2. HP: 22/27 MP: 2/2
    23 | D        | Reached skill level 3 in Fighting
    31 | D        | Killed a sky beast
    31 | D        | Reached skill level 5 in Fighting
    31 | D        | Reached XP level 3. HP: 39/39 MP: 3/3
    31 | D        | Reached XP level 4. HP: 46/46 MP: 4/4
    39 | D        | Found a roughly hewn altar of Beogh.
    39 | D        | Found a snail-covered altar of Cheibriados.
    39 | D        | Found a shadowy altar of Dithmenos.
    39 | D        | Found a white marble altar of Elyvilon.
    39 | D        | Found a blossoming altar of Fedhas.
    39 | D        | Found an opulent altar of Gozag.
    40 | D        | Found a hazy altar of Hepliaklqana.
    41 | D        | Found a viscous altar of Jiyva.
    42 | D        | Found an ancient bone altar of Kikubaaqudgha.
    43 | D        | Became a worshipper of Cheibriados the Contemplative
    44 | D        | Found a corrupted altar of Lugonu.
    45 | D        | Found a burning altar of Makhleb.
    46 | D        | Found a sparkling altar of Nemelex Xobeh.
    47 | D        | Found an iron altar of Okawaru.
    48 | D        | Found a stormy altar of Qazlal.
    49 | D        | Found a sacrificial altar of Ru.
    50 | D        | Found a shimmering blue altar of Sif Muna.
    51 | D        | Found a bloodstained altar of Trog.
    52 | D        | Found a hide-covered altar of Uskayaw.
    53 | D        | Found a radiant altar of Vehumet.
    54 | D        | Found an ornate altar of the Wu Jian Council.
    55 | D        | Found a shimmering altar of Xom.
    56 | D        | Found a basalt altar of Yredelemnul.
    57 | D        | Found a glowing silver altar of Zin.
    58 | D        | Found a glowing golden altar of the Shining One.
    98 | D        | Noticed a hippogriff
   100 | D        | Reached * piety under Cheibriados
   100 | D        | Reached ** piety under Cheibriados
   108 | D        | Killed a hippogriff
   108 | D        | Reached skill level 7 in Fighting
   108 | D        | Reached XP level 5. HP: 8/57 MP: 5/5
   108 | D        | Reached XP level 6. HP: 9/66 MP: 6/6
   111 | D        | Reached skill level 8 in Fighting
   113 | D        | Reached *** piety under Cheibriados
   133 | D        | Noticed a troll
   133 | D        | Noticed a hungry ghost
   133 | D        | Noticed a hippogriff
   136 | D        | Reached **** piety under Cheibriados
   136 | D        | Reached skill level 1 in Armour
   137 | D        | Killed a troll
   137 | D        | Reached ***** piety under Cheibriados
   137 | D        | Reached skill level 9 in Fighting
   137 | D        | Reached XP level 7. HP: 16/76 MP: 7/7
   145 | D        | Killed a hungry ghost
   147 | D        | Killed a hippogriff
   147 | D        | Reached XP level 8. HP: 19/86 MP: 8/8
   352 | D        | Noticed a hippogriff
   353 | D        | Reached skill level 10 in Fighting
   354 | D        | Reached ****** piety under Cheibriados
   354 | D        | Reached skill level 5 in Armour
   355 | D        | Noticed a blink frog
   356 | D        | Killed a hippogriff
   356 | D        | Reached skill level 10 in Throwing
   356 | D        | Noticed a spiny frog
   357 | D        | Noticed a komodo dragon
   367 | D        | Killed a spiny frog
   367 | D        | Reached XP level 9. HP: 73/94 MP: 9/9
   372 | D        | Killed a komodo dragon
   372 | D        | Reached skill level 11 in Fighting
   391 | D        | Noticed a spiny frog
   391 | D        | Noticed a spiny frog
   391 | D        | Noticed a four-headed hydra
   393 | D        | Killed a spiny frog
   395 | D        | Killed a four-headed hydra
   395 | D        | Reached skill level 12 in Fighting
   395 | D        | Reached skill level 10 in Dodging
   395 | D        | Reached XP level 10. HP: 43/106 MP: 10/10
   396 | D        | Killed a spiny frog
   404 | D        | HP: 3/106 [komodo dragon (21)]
   405 | D        | Demolished by a komodo dragon

Levels and vault maps discovered:
D:        linesprint [early_d, line_temple, items_1, d_10, items_2, lair_1,
          lair_end, items_3, orc_1, orc_end, items_4, d_15, swamp_1, shoals_1,
          snake_1, spider_1, d_20, vaults_1, items_5, swamp_end, shoals_end,
          snake_end, spider_end, vaults_end, d_27, items_6, zot_1, zot_end,
          crypt_end, forest_end, elf_end, slime_end, tomb_end, abyss_end,
          pan_hell_end]

Skill      XL: |  1  2  3  4  5  6  7  8  9 10 |
---------------+-------------------------------+-----
Dodging        | 2 4 6 7 8 9 10 | 10.5
Throwing       | 4 6 7 8 9 10 11 | 11.7
Fighting       | 5 7 9 10 12 | 12.2
Armour         | 3 4 6 7 8 |  8.1
Stealth        | |  1.5

Action                   |  1- 3 |  4- 6 |  7- 9 | 10-12 || total
-------------------------+-------+-------+-------+-------++-------
Melee: Short sword       |    10 |       |       |       ||    10
       Quarterstaff      |       |    10 |    24 |     8 ||    42
Throw: Javelin           |     7 |     7 |    11 |     1 ||    26
       Throwing net      |     1 |     1 |       |       ||     2
 Abil: Spit Poison       |       |       |       |     1 ||     1
  Use: Potion            |     2 |       |       |       ||     2
  Eat: Chunk             |       |       |     2 |       ||     2
Armor: Leather armour    |     1 |    10 |       |       ||    11
       Scale mail        |       |     3 |     4 |       ||     7
       Troll leather arm |       |       |     1 |     2 ||     3
Dodge: Dodged            |     5 |    15 |    21 |     3 ||    44

Table legend:
 A = Non-vault XP
 B = Vault XP
 C = Vault XP percentage of total XP
 D = Non-vault monster count
 E = Vault monster count
 F = Vault count percentage of total count
                 A         B        C        D         E       F
            +---------+---------+-------+---------+---------+-------
      Total |       0 |    5397 | 100.0 |       0 |      37 | 100.0
            +---------+---------+-------+---------+---------+-------
          D |       0 |    5397 | 100.0 |       0 |      37 | 100.0
            +---------+---------+-------+---------+---------+-------
